 Dungeon Crawl Stone Soup version 0.25-a0-102-gbfa96ce22d (webtiles) character file.

Game seed: 1670281656177259458, levelgen mode: deterministic

121 vurker the Magician (level 4, -7/32 HPs)
             Began as a Mummy Fire Elementalist on Nov 15, 2019.
             Killed from afar by Sigmund (16 damage)
             ... with a puff of flame
             ... on level 2 of the Dungeon.
             The game lasted 00:04:10 (3463 turns).

vurker the Magician (Mummy Fire Elementalist)       Turns: 3463, Time: 00:04:10

Health: -7/32      AC:  2    Str: 11    XL:     4   Next: 77%
Magic:  9/9        EV: 12    Int: 15    God:
Gold:   62         SH:  0    Dex: 12    Spells: 9/10 levels left

rFire    x . .     SeeInvis .   h - +0 dagger
rCold    + . .     Gourm    .   (no shield)
rNeg     + + +     Faith    .   a - +0 robe
rPois    ∞         Spirit   .   (no helmet)
rElec    .         Reflect  .   (no cloak)
rCorr    .         Harm     .   (no gloves)
MR       .....                  (no boots)
Stlth    ++........             (no amulet)
HPRegen  0.10/turn              (no ring)
MPRegen  0.11/turn              (no ring)

@: no status effects
A: no food or potions, fire vulnerability, cold resistance 1, negative energy
resistance 3, torment resistance, unbreathing
a: no special abilities


You were on level 2 of the Dungeon.
You were not hungry.

You visited 1 branch of the dungeon, and saw 2 of its levels.

You collected 62 gold pieces.

Inventory:

Hand Weapons
 h - a +0 dagger (weapon)
   (You took it off a goblin on level 2 of the Dungeon)
Armour
 a - a +0 robe (worn)
Scrolls
 b - a scroll of immolation {unknown}
 c - 3 scrolls of identify {unknown}
 d - a scroll of remove curse {unknown}
 e - 2 scrolls of amnesia {unknown}
 f - a scroll of noise {unknown}
 g - 2 scrolls of fog {unknown}
 i - a scroll of enchant armour {unknown}
 j - a scroll of teleportation {unknown}


   Skills:
 + Level 1.3 Fighting
 - Level 1.5 Dodging
 - Level 1.5 Stealth
 * Level 3.9 Spellcasting
 * Level 2.2 Conjurations
 * Level 3.1 Fire Magic


You had 9 spell levels left.
You knew the following spells:

 Your Spells              Type           Power        Failure   Level  Hunger
a - Flame Tongue          Conj/Fire      ##...        6%          1    N/A

Your spell library contained the following spells:

 Spells                   Type           Power        Failure   Level  Hunger
 Throw Flame              Conj/Fire      ##....       9%          2    N/A
 Conjure Flame            Conj/Fire      ##......     19%         3    N/A
 Inner Flame              Hex/Fire       #.......     28%         3    N/A
 Sticky Flame             Conj/Fire      ##......     52%         4    N/A
 Fireball                 Conj/Fire      ##........   86%         5    N/A

Dungeon Overview and Level Annotations

Branches:
Dungeon (2/15)

Altars:
Ru

Annotations:
D:2 Robin, Sigmund


Innate Abilities, Weirdness & Mutations

You do not eat or drink.
Your flesh is vulnerable to fire.
You are immune to poison.
Your flesh is cold resistant. (rC+)
You are immune to negative energy. (rN+++)
You are immune to unholy pain and torment.
You can survive without breathing.


Message History

Aim: a gnoll (severely wounded)
The flame tongue hits the gnoll.
You kill the gnoll!
You can't see any susceptible monsters within range! (Use Z to cast anyway.)
You can't see any susceptible monsters within range! (Use Z to cast anyway.)
Items here: ( )) †††† You see here 16 arrows.
A goblin comes into view. It is wielding a +0 dagger.
The goblin shouts!
A goblin is nearby!
Aim: a goblin, wielding a +0 dagger The flame tongue misses the goblin.
Aim: a goblin, wielding a +0 dagger The flame tongue hits the goblin!
You kill the goblin!
You can't see any susceptible monsters within range! (Use Z to cast anyway.) Search for what [? for help]? ego You see here a +0 dagger.
Found a ration.
Found 3 gold pieces.
Sigmund the Dreaded comes into view.
He is wielding a +0 scythe.
Sigmund shouts!
You can't see any susceptible monsters within range! (Use Z to cast anyway.)
You can't see any susceptible monsters within range! (Use Z to cast anyway.)
You can't see any susceptible monsters within range! (Use Z to cast anyway.)
You can't see any susceptible monsters within range! (Use Z to cast anyway.) Sigmund casts a spell at you.
The puff of flame hits you! The fire burns you terribly!
Ouch! That really hurt!
* * * LOW HITPOINT WARNING * * *
You can't see any susceptible monsters within range! (Use Z to cast anyway.)
You can't see any susceptible monsters within range! (Use Z to cast anyway.) Sigmund casts a spell at you.
The magic dart hits you.
* * * LOW HITPOINT WARNING * * *
You see here a +0 dagger.
Sigmund points at you and mumbles some strange words.
You are confused.
Sigmund laughs darkly.
You bump into the rock wall.
You bump into the rock wall.
You feel less confused.
You see here 16 arrows.
Sigmund gestures at you while chanting. The magic dart hits you.
* * * LOW HITPOINT WARNING * * *
Sigmund casts a spell at you. The puff of flame hits you!
The fire burns you terribly!
Ouch! That really hurt!
You die...

...####......######
#........#.#
..................#
........#.#
#################.#
#....%@..# #########.#
#........#
########.....(...#
#........#
###...########(#..#
#....$...#
###...###...##<#..#
##.#####.#
###...###....###..# #.#
##.....##..#..##@.# #.#
#...#..)#..##..#..# #.#
...###....###..#..# #@#
...###....###..##.# #.#
...###...####..##@# #.#
#############.....######)#
##....(......#
##..######### ####


You could see Sigmund.

Vanquished Creatures
  3 adders (D:2)
  A gnoll (D:2)
  3 oozes
  A worm (D:2)
  A dart slug (D:1)
  2 giant cockroaches (D:2)
  10 goblins
  7 hobgoblins
  8 jackals (D:1)
  A quokka (D:2)
  6 bats
  4 frilled lizards
  12 kobolds
  6 rats
65 creatures vanquished.

Notes
Turn   | Place    | Note
-------+----------+-------------------------------------------
     0 | D:1      | vurker the Mummy Fire Elementalist began the quest for the
                  | Orb.
     0 | D:1      | Reached XP level 1. HP: 13/13 MP: 4/4
   353 | D:1      | Reached skill level 1 in Conjurations
   507 | D:1      | Reached XP level 2. HP: 20/20 MP: 3/6
   910 | D:1      | Reached XP level 3. HP: 25/25 MP: 3/7
  1704 | D:2      | Found a sacrificial altar of Ru.
  1946 | D:2      | Noticed Robin
  1985 | D:2      | Reached skill level 1 in Fighting
  2059 | D:1      | Reached XP level 4. HP: 12/32 MP: 3/9
  3436 | D:2      | Noticed Sigmund
  3463 | D:2      | Killed from afar by Sigmund

Levels and vault maps discovered:
D:1:      dpeg_arrival_rooms_b, layout_basic
D:2:      layout_basic, nicolae_ru_great_annihilating_truth,
          okawaru_altar_gauntlet_db, first_ration, hangedman_glass_teeth,
          uniq_robin, uniq_sigmund

Skill      XL: |  1  2  3  4 |
---------------+-------------+-----
Conjurations   | 1 2 |  2.2
Spellcasting   | 3 |  3.9
Fighting       | 1 |  1.3
Fire Magic     | 3 |  3.1
Dodging        | |  1.5
Stealth        | |  1.5

Action                   |  1- 3 |  4- 6 || total
-------------------------+-------+-------++-------
Melee: Short sword       |    39 |       ||    39
       Unarmed           |     3 |       ||     3
       Dagger            |     4 |     7 ||    11
 Cast: Flame Tongue      |    74 |    48 ||   122
 Stab: Sleeping          |     1 |       ||     1
       Paralysed         |     1 |       ||     1
Armor: Robe              |    21 |     5 ||    26
Dodge: Dodged            |    70 |    38 ||   108

Table legend:
 A = Non-vault XP
 B = Vault XP
 C = Vault XP percentage of total XP
 D = Non-vault monster count
 E = Vault monster count
 F = Vault count percentage of total count
                 A         B        C        D         E       F
            +---------+---------+-------+---------+---------+-------
      Total |     135 |      39 |  22.4 |      50 |      15 |  23.1
            +---------+---------+-------+---------+---------+-------
        D:1 |      55 |       0 |   0.0 |      31 |       0 |   0.0
        D:2 |      80 |      39 |  32.8 |      19 |      15 |  44.1
            +---------+---------+-------+---------+---------+-------
